 Dungeon Crawl Stone Soup version 0.28.0-49-g6dfe1f597d (webtiles) character file.

Game seed: 3549321853588249504

367 GigaChad the Covered (level 6, -12/56 HPs)
             Began as a Minotaur Fighter on May 11, 2022.
             Was an Initiate of Ashenzari.
             Mangled by a polar bear (14 damage)
             ... created by the rage of Trog
             ... on level 4 of the Dungeon.
             The game lasted 00:06:41 (3673 turns).

GigaChad the Covered (Minotaur Fighter)             Turns: 3673, Time: 00:06:41

Health: -12/56     AC:  9    Str: 22    XL:     6   Next: 41%
Magic:  5/5        EV: 12    Int:  5    God:    Ashenzari [......]
Gold:   138        SH:  4    Dex: 10    Spells: 5/5 levels left

rFire   . . .      SeeInvis .   m - +2 morningstar (venom)
rCold   . . .      Faith    .   c - +0 buckler
rNeg    . . .      Spirit   .   q - +0 chain mail
rPois   .          Reflect  .   (helmet restricted)
rElec   .          Harm     .   (no cloak)
rCorr   .          Rampage  .   (no gloves)
Will    .....                   (no boots)
Stlth   ..........              (no amulet)
HPRegen 0.18/turn               n - +4 ring of evasion
MPRegen 0.09/turn               (no ring)

@: no status effects
A: horns 2, retaliatory headbutt
a: Renounce Religion


You were on level 4 of the Dungeon.
You worshipped Ashenzari.
Ashenzari was noncommittal.
You visited 1 branch of the dungeon, and saw 4 of its levels.

You collected 138 gold pieces.

Inventory:

Hand Weapons
 a - a +0 long sword
 i - a +0 club
 m - a +2 morningstar of venom (weapon)
Missiles
 j - a throwing net (quivered)
Armour
 b - a +0 scale mail
 c - a +0 buckler (worn)
 q - a +0 chain mail (worn)
Jewellery
 n - a +4 ring of evasion (left hand)
Wands
 l - a wand of flame (16)
Scrolls
 f - 3 scrolls of identify {unknown}
 h - 3 scrolls of immolation
 o - 2 scrolls of silence {unknown}
 p - a scroll of teleportation {unknown}
 r - a scroll of noise {unknown}
Potions
 d - 3 potions of might
 e - 2 potions of lignification {unknown}
 g - 2 potions of flight {unknown}
 k - 2 potions of curing {unknown}


   Skills:
 + Level 5.0 Fighting
 + Level 4.2 Long Blades
 + Level 3.2 Maces & Flails
 + Level 5.4 Armour
 + Level 1.2 Dodging
 + Level 0.4 Stealth
 + Level 4.3 Shields


You had 5 spell levels left.
You didn't know any spells.
Your spell library contained the following spells:

 Spells                   Type           Power      Damage    Failure   Level
 Dazzling Flash           Conj/Hex       0%         N/A       100%        3
 Agony                    Necr           0%         N/A       100%        5
 Silence                  Hex/Air        0%         N/A       100%        5


Dungeon Overview and Level Annotations

Branches:
Dungeon (4/15)             Temple (0/1) D:4

Altars:
Ashenzari
Dithmenos
Trog


Innate Abilities, Weirdness & Mutations

You have a pair of horns on your head.
You reflexively headbutt those who attack you in melee.


Message History

The polar bear claws you. The polar bear closely misses you.
The black bear barely misses you. The black bear claws you.
The black bear misses you. The polar bear bites you!
You block the polar bear's attack. The polar bear claws you.
You hit the polar bear.
The polar bear is lightly wounded.
The polar bear misses you. You furiously retaliate!
You headbutt the polar bear!
The polar bear claws you but does no damage.
The polar bear claws you.
* * * LOW HITPOINT WARNING * * *
The polar bear rages.
The polar bear misses you. You furiously retaliate!
You headbutt the polar bear, but do no damage.
You block the polar bear's attack.
The polar bear claws you but does no damage.
You block the polar bear's attack.
The polar bear claws you but does no damage. x2
The polar bear rages.
The polar bear rages.
The polar bear bites you but does no damage.
The polar bear barely misses you.
The polar bear claws you but does no damage.
You puncture the polar bear!
The polar bear is poisoned.
The polar bear is moderately wounded.
The polar bear misses you. x2
The polar bear claws you but does no damage.
The polar bear closely misses you. The polar bear claws you.
* * * LOW HITPOINT WARNING * * *
You block the polar bear's attack. The polar bear bites you.
* * * LOW HITPOINT WARNING * * *
The polar bear claws you.
* * * LOW HITPOINT WARNING * * *
The polar bear barely misses you.
The black bear rages.
You block the polar bear's attack. The polar bear barely misses you.
You block the polar bear's attack. The polar bear bites you!
You die...

#....##†.# #.###..###..##.....
#.......#######..#..## #..##.####
#...#...............# #..##.#
#...#.........)###..####..##.####
..>.#...#####..# ##.......##.....
.......## #.# #..##........###
.......## #.###.####.(...>## #
........## #..#..# #...##..#
.........#####hh@.## #...###.#
#..............h.## #...## #.#
##..###..#######.# #..### ..#
#.## ##.# ### ...# ..# #.# #.#
.## .# ### ###


You could see 2 polar bears and a black bear (berserk).

Vanquished Creatures
  An ogre (D:4)
  A necrophage (D:4)
  A hound (D:4)
  Terence (D:2)
  An orc wizard (D:4)
  4 adders
  2 orcs (D:4)
  5 bats
  7 endoplasms
  6 giant cockroaches
  10 goblins
  9 hobgoblins
  2 jackals (D:1)
  8 kobolds
  6 quokkas
  3 ball pythons
  2 frilled lizards
  6 rats
75 creatures vanquished.

Notes
Turn   | Place    | Note
-------+----------+-------------------------------------------
     0 | D:1      | GigaChad the Minotaur Fighter began the quest for the Orb.
     0 | D:1      | Reached XP level 1. HP: 19/19 MP: 0/0
   252 | D:1      | Reached XP level 2. HP: 20/27 MP: 1/1
   344 | D:1      | Found a faded altar of an unknown god.
   366 | D:1      | Prayed at the altar of an unknown god.
   366 | D:1      | Became a worshipper of Trog the Wrathful
   366 | D:1      | Reached * piety under Trog
  1034 | D:1      | Reached XP level 3. HP: 33/33 MP: 2/2
  1335 | D:2      | Reached ** piety under Trog
  2343 | D:2      | Reached XP level 4. HP: 37/40 MP: 3/3
  2394 | D:2      | Noticed Terence
  2406 | D:2      | Killed Terence
  3163 | D:4      | Found a staircase to the Ecumenical Temple.
  3207 | D:4      | Found a broken altar of Ashenzari.
  3211 | D:4      | Fell from the grace of Trog
  3211 | D:4      | Became a worshipper of Ashenzari the Shackled
  3316 | D:4      | Noticed a necrophage
  3324 | D:4      | Killed a necrophage
  3325 | D:4      | Reached skill level 1 in Maces & Flails
  3325 | D:4      | Reached skill level 5 in Armour
  3325 | D:4      | Reached skill level 1 in Dodging
  3325 | D:4      | Reached XP level 5. HP: 41/47 MP: 4/4
  3395 | D:4      | Noticed an ogre
  3407 | D:4      | Killed an ogre
  3408 | D:4      | Reached XP level 6. HP: 52/55 MP: 5/5
  3491 | D:4      | Found a shadowy altar of Dithmenos.
  3631 | D:4      | Reached skill level 5 in Fighting
  3661 | D:4      | Noticed a polar bear
  3661 | D:4      | Noticed a polar bear
  3671 | D:4      | HP: 2/56 [polar bear[the rage of Trog] (3)]
  3673 | D:4      | Mangled by a polar bear

Illustrated notes

Levels and vault maps discovered:
D:1:      erik_arrival_cave_to_civilisation [erik_arrival_cave_to_hall],
          layout_basic, hellmonk_ecumenical_altar_blasted,
          grunt_decor_one_mirror, minmay_misc_feat_iff
D:2:      minmay_evil_eye, layout_rooms, mrwooster_statue_mirror, uniq_terence
D:3:      wander_river, layout_loops_corners
D:4:      layout_layer_cave, kennysheep_mini, grunt_dithmenos_smoke,
          minmay_temple_entry_hall, uniq_eustachio

Skill      XL: |  1  2  3  4  5  6 |
---------------+-------------------+-----
Armour         | 4 5 |  5.4
Fighting       | 4 5 |  5.0
Shields        | 4 |  4.3
Long Blades    | 3 4 |  4.2
Maces & Flails | 1 2 3 |  3.2
Dodging        | 1 |  1.2
Stealth        | |  0.4

Action                   |  1- 3 |  4- 6 || total
-------------------------+-------+-------++-------
Melee: Long sword        |   107 |    10 ||   117
       Headbutt          |    15 |     6 ||    21
       Morningstar       |       |    44 ||    44
Armor: Scale mail        |    63 |     8 ||    71
       Chain mail        |       |    11 ||    11
Dodge: Dodged            |    75 |    39 ||   114
Block: Buckler           |    37 |    29 ||    66
